 Dungeon Crawl Stone Soup version 0.25-a0-458-g6fc7858b95 (webtiles) character file.

Game seed: 9551889868311467053, levelgen mode: deterministic

1563 Hasart the Cudgeler (level 8, -7/54 (55) HPs)
             Began as an Octopode Fighter on Feb 2, 2020.
             Was an Initiate of Gozag.
             Killed from afar by Maggie (26 damage)
             ... with a bolt of fire
             ... on level 7 of the Dungeon.
             The game lasted 00:10:35 (6377 turns).

Hasart the Cudgeler (Octopode Fighter)              Turns: 6377, Time: 00:10:36

HP:   -7/54 (55)    AC:  1    Str: 16    XL:     8   Next: 89%
MP:   9/9           EV: 13    Int: 12    God:    Gozag
Gold: 513           SH:  9    Dex: 13    Spells: 7/7 levels left

rFire    . . .     SeeInvis .   y - +10 mace of Agony {freeze, -Tele rElec Dex+2}
rCold    . . .     Gourm    .   b - +0 shield
rNeg     . . .     Faith    .   (helmet restricted)
rPois    .         Spirit   .   (no amulet)
rElec    +         Reflect  .   (no ring)
rCorr    .         Harm     .   (no ring)
MR       .....     NoTele   +   (no ring)
Stlth    ++........             (no ring)
HPRegen  0.18/turn              (no ring)
MPRegen  0.11/turn              (no ring)
                                (no ring)
                                (no ring)

@: mesmerised, lightly drained
A: almost no armour, stealthy swim, amphibious, 8 rings, constrict 8, camouflage
1, gelatinous body 1
a: Potion Petition, Call Merchant, Bribe Branch, Renounce Religion


You were on level 7 of the Dungeon.
You worshipped Gozag.
Gozag was pleased with you.
You were not hungry.

You visited 1 branch of the dungeon, and saw 7 of its levels.

You collected 1073 gold pieces.
You spent 33 gold pieces at shops.
You paid 527 gold pieces to Gozag.

Inventory:

Hand Weapons
 a - a +0 flail
 y - the +10 mace of Agony (weapon) {freeze, -Tele rElec Dex+2}
   (You found it on level 6 of the Dungeon)

   It has been specially enchanted to freeze those struck by it, causing extra
   injury to most foes and up to half again as much damage against particularly
   susceptible opponents.
   It can also slow down cold-blooded creatures.
   It affects your dexterity (+2).
   It insulates you from electricity.
   It prevents most forms of teleportation.
Missiles
 g - 49 poisoned darts (quivered)
 s - 8 boomerangs
Armour
 b - a +0 shield (worn)
 i - a +0 large shield
Wands
 f - a wand of random effects (21)
 w - a wand of polymorph (11)
 B - a wand of enslavement (10)
 F - a wand of flame (17)
Scrolls
 e - a scroll of enchant armour {unknown}
 h - 3 scrolls of random uselessness {unknown}
 j - 6 scrolls of identify
 k - 3 scrolls of immolation {unknown}
 l - a scroll of fog {unknown}
 m - 3 scrolls of remove curse {unknown}
 p - 2 scrolls of amnesia {unknown}
 r - 2 scrolls of noise {unknown}
 u - a scroll of magic mapping {unknown}
 D - a scroll of teleportation
Potions
 c - 2 potions of might
 n - 2 potions of ambrosia {unknown}
 o - a potion of cancellation {unknown}
 q - a potion of curing {unknown}
 t - a potion of degeneration {unknown}
 v - a potion of berserk rage {unknown}
 x - a potion of agility {unknown}
 z - 2 potions of mutation {unknown}
 A - a potion of flight {unknown}
 C - 2 potions of heal wounds {unknown}
 E - a potion of brilliance {unknown}
Comestibles
 d - 10 rations


   Skills:
 + Level 5.2(4.9) Fighting
 * Level 6.3(6.0) Maces & Flails
 + Level 4.0(3.7) Throwing
 + Level 5.1(4.8) Dodging
 + Level 5.1(4.8) Shields
 + Level 2.5(2.1) Evocations


You had 7 spell levels left.
You didn't know any spells.
Your spell library was empty.

Dungeon Overview and Level Annotations

Branches:
Dungeon (7/15)             Temple (0/1) D:6

Altars:
Ashenzari
Dithmenos
Gozag
Hepliaklqana
Trog
Uskayaw
Vehumet
Yredelemnul
The Shining One

Shops:
D:6 =}?[[

Annotations:
D:7 Maggie


Innate Abilities, Weirdness & Mutations

You cannot wear most types of armour.
You are very stealthy in the water. (Stealth+)
You are amphibious.
You can wear up to eight rings at the same time.
You can use your tentacles to constrict eight enemies at once.
Your skin changes colour to match your surroundings (Stealth+).
Your rubbery body absorbs attacks. (AC +1, EV +1)


Message History

Maggie looks as sick as possible!
Maggie is lightly wounded.
Maggie points at you and mumbles some strange words.
The bolt of fire hits you!!
Throwing (i - inventory. (/) - cycle)
g - 50 poisoned darts (quivered)
Press: ? - help, Shift-Dir - straight line, f/p - Maggie
Aim: Maggie, wielding a +1 scimitar of draining and wearing cursed +0 steam dragon scales (lightly wounded, extremely poisoned, mesmerising)
You throw a poisoned dart. The poisoned dart hits Maggie.
Maggie looks as sick as possible!
Maggie is lightly wounded.
Maggie hits you with a +1 scimitar of draining!
You feel drained.
Found 20 gold pieces and a war axe.
Found a stone staircase leading up.
You hit Maggie. You freeze Maggie. You grab Maggie.
Maggie is moderately wounded.
You constrict Maggie.
Maggie points at you and mumbles some strange words.
The bolt of fire hits you!!
You die...
Your body crumbles into a pile of gold.

#.<........#
#..........#
#......(.$.#
#......(...#
#).....(...#
..........$#
.......@...#
#@# #.#
.#####.##
#........#####
..#####.)....#
##.###...# #.#
.# #.#
#.######.####


You could see Maggie.

Vanquished Creatures
  A necrophage (D:6)
  3 ogres
  A centaur (D:6)
  A bullfrog (D:6)
  2 scorpions
  3 crimson imps
  3 hounds
  A jelly (D:5)
  4 orc priests
  Crazy Yiuf (D:2)
  4 orc wizards
  An iguana (D:6)
  Jessica (D:2)
  3 worker ants
  3 hound skeletons
  A gnoll (D:1)
  A howler monkey skeleton (D:4)
  14 adders
  4 river rats (D:5)
  An ooze (D:6)
  An adder zombie (D:6)
  3 worms
  3 dart slugs
  12 leopard geckos
  16 orcs
  6 giant cockroaches
  9 goblins
  9 hobgoblins
  9 jackals
  7 quokkas
  3 ball pythons
  8 bats
  7 frilled lizards
  9 kobolds
  A quokka skeleton (D:7)
  11 rats
167 creatures vanquished.

Notes
Turn   | Place    | Note
-------+----------+-------------------------------------------
     0 | D:1      | Hasart the Octopode Fighter began the quest for the Orb.
     0 | D:1      | Reached XP level 1. HP: 16/16 MP: 1/1
   187 | D:1      | Reached XP level 2. HP: 21/21 MP: 2/2
   317 | D:1      | Reached XP level 3. HP: 23/26 MP: 3/3
   566 | D:1      | Reached skill level 1 in Throwing
   894 | D:2      | Noticed Jessica
  1180 | D:2      | Killed Jessica
  1180 | D:2      | Reached skill level 3 in Maces & Flails
  1180 | D:2      | Reached XP level 4. HP: 27/31 MP: 4/4
  1327 | D:2      | Found an opulent altar of Gozag.
  1345 | D:2      | Reached XP level 5. HP: 14/36 MP: 5/5
  1561 | D:2      | Became a worshipper of Gozag Ym Sagoz the Greedy
  1625 | D:2      | Found a runed translucent door.
  1626 | D:2      | Noticed Crazy Yiuf
  1636 | D:2      | Killed Crazy Yiuf
  1930 | D:3      | Found a radiant altar of Vehumet.
  1982 | D:3      | Found a hide-covered altar of Uskayaw.
  1983 | D:3      | Found a shadowy altar of Dithmenos.
  1986 | D:3      | Found a hazy altar of Hepliaklqana.
  2210 | D:3      | Reached XP level 6. HP: 40/43 MP: 6/6
  2769 | D:3      | Found a shattered altar of Ashenzari.
  3006 | D:4      | Found a bloodstained altar of Trog.
  3090 | D:4      | Reached skill level 4 in Maces & Flails
  3394 | D:4      | Reached XP level 7. HP: 34/48 MP: 7/7
  3826 | D:4      | Reached skill level 5 in Maces & Flails
  4022 | D:5      | Entered Level 5 of the Dungeon
  4153 | D:5      | Found a bloodstained altar of Trog.
  4415 | D:5      | Reached XP level 8. HP: 53/54 MP: 8/8
  5138 | D:6      | Reached skill level 1 in Evocations
  5150 | D:6      | Got a fine mace
  5151 | D:6      | Identified the +10 mace of Agony {freeze, -Tele rElec
                  | Dex+2} (You found it on level 6 of the Dungeon)
  5343 | D:6      | Found Orphoiroe's Gadget Boutique.
  5373 | D:6      | Found Buotoatt's Antique Armour Emporium.
  5404 | D:6      | Found Xiosaol's Magic Scroll Boutique.
  5412 | D:6      | Bought a scroll of teleportation for 33 gold pieces
  5504 | D:6      | Found a basalt altar of Yredelemnul.
  5517 | D:6      | Found a glowing golden altar of the Shining One.
  5625 | D:6      | Noticed an angel
  5726 | D:6      | Reached skill level 5 in Fighting
  5726 | D:6      | Reached skill level 6 in Maces & Flails
  5921 | D:6      | Reached skill level 5 in Dodging
  5921 | D:6      | Reached skill level 5 in Shields
  6130 | D:6      | Found Xoanonwy's Armour Shop.
  6204 | D:6      | Found a staircase to the Ecumenical Temple.
  6367 | D:7      | Noticed Maggie
  6377 | D:7      | Killed from afar by Maggie

Levels and vault maps discovered:
D:1:      co_arrival_random_square_maze, layout_loops_ring, st_stairs_9,
          minmay_tetromino_o2
D:2:      layout_rooms, nicolae_gozag_seed_capital, uniq_crazy_yiuf_cottage,
          uniq_jessica
D:3:      layout_basic, overflow_temple_1_default, grunt_temple_overflow_open,
          overflow_temple_1_default, first_ration
D:4:      layout_basic, bloody_trog, kennysheep_small_circle
D:5:      layout_loops_ring, portal_sewer_entry_e, lemuel_altar_in_water
D:6:      layout_loops_ring, grunt_temple_overflow_holy_war,
          minmay_temple_entry_fiery, serial_shops, kennysheep_mini,
          shop_scrolls, shop_fountains, shop
D:7:      minmay_the_grid_plus [minmay_the_grid_minigrid_small_alt,
          minmay_the_grid_square_x, minmay_the_grid_eight,
          minmay_the_grid_small_cups, minmay_the_grid_prize_four_corners],
          layout_rooms, water_maze_lemuel, uniq_maggie

Skill      XL: |  1  2  3  4  5  6  7  8 |
---------------+-------------------------+-----
Throwing       | 1 2 3 4 |  4.0
Maces & Flails | 3 4 5 6 |  6.3
Fighting       | 4 5 |  5.2
Dodging        | 4 5 |  5.1
Shields        | 4 5 |  5.1
Evocations     | 2 |  2.5

Action                   |  1- 3 |  4- 6 |  7- 9 || total
-------------------------+-------+-------+-------++-------
Melee: Flail             |    66 |   149 |    96 ||   311
       Constrict         |    15 |    41 |    33 ||    89
       Tentacles         |     6 |    24 |    26 ||    56
       Mace              |       |       |    35 ||    35
Throw: Dart              |       |     6 |    41 ||    47
Invok: Call Merchant     |       |       |     1 ||     1
  Use: Scroll            |       |       |     1 ||     1
 Stab: Sleeping          |     4 |     5 |     9 ||    18
       Distracted        |       |     1 |     2 ||     3
  Eat: Chunk             |     1 |     1 |       ||     2
       Ration            |       |     2 |     3 ||     5
Armor: Skin              |     4 |    12 |     2 ||    18
Dodge: Dodged            |    33 |    54 |    53 ||   140
Block: Shield            |    38 |    64 |    43 ||   145

Table legend:
 A = Non-vault XP
 B = Vault XP
 C = Vault XP percentage of total XP
 D = Non-vault monster count
 E = Vault monster count
 F = Vault count percentage of total count
                 A         B        C        D         E       F
            +---------+---------+-------+---------+---------+-------
      Total |    2018 |     215 |   9.6 |     149 |      18 |  10.8
            +---------+---------+-------+---------+---------+-------
        D:1 |      33 |      21 |  38.9 |      19 |       5 |  20.8
        D:2 |     104 |      77 |  42.5 |      34 |       2 |   5.6
        D:3 |     136 |       0 |   0.0 |      37 |       0 |   0.0
        D:4 |     599 |      45 |   7.0 |      25 |       3 |  10.7
        D:5 |     214 |      72 |  25.2 |      12 |       8 |  40.0
        D:6 |     916 |       0 |   0.0 |      19 |       0 |   0.0
        D:7 |      16 |       0 |   0.0 |       3 |       0 |   0.0
            +---------+---------+-------+---------+---------+-------
